AoeStats
← dartzepyon

Arabia

509752122Analyzed
1v1 RM · 3d ago on Sep 27, 2026· 50m 41s· 2 players
Game mode
Random Map
Map size
Tiny (2 player)
Population
200
Speed
Normal
Resources
Standard
Victory
Conquest
Starting age
Dark Age
Ending age
Imperial Age
RankedLock teamsTeams togetherTeam positionsShared explorationLock speedFull tech treeHidden civsTurbo modeCheats
Victory
Defeat
🇵🇪 Celts · Peru
626
+15
🇫🇷 Franks · France
608
-15
noterre
10:00 Feudal Age
12:12 Man-at-Arms
15:06 Double-Bit Axe
17:40 Wheelbarrow
17:54 Gold Mining
22:55 Castle Age
23:34 Scale Barding Armor
24:44 Chain Barding Armor
25:19 Hand Cart
26:01 Stone Mining
27:05 Fletching
30:38 Town Watch
30:39 Loom
32:39 Husbandry
32:45 Town Patrol
35:45 Imperial Age
35:14 Padded Archer Armor
35:25 Forging
36:04 Scale Mail Armor
38:05 Cavalier
40:21 Hoardings
39:30 Capped Ram
44:42 Ballistics
45:21 Heavy Scorpion
46:58 Guard Tower
dartzepyon
6:29 Loom
10:45 Feudal Age
12:11 Wheelbarrow
22:43 Castle Age
20:45 Horse Collar
21:03 Fletching
20:41 Man-at-Arms
22:15 Town Watch
22:41 Scale Mail Armor
23:23 Forging
24:43 Long Swordsman
25:09 Gambesons
25:47 Hand Cart
25:33 Pikeman
26:22 Stone Mining
28:36 Heavy Plow
32:47 Imperial Age
31:05 Town Patrol
34:16 Chain Mail Armor
34:37 Iron Casting
34:28 Sanctity
35:50 Fervor
37:23 Plate Mail Armor
37:54 Blast Furnace
36:45 Light Cavalry
42:48 Scale Barding Armor
43:46 Blast Furnace
42:42 Bodkin Arrow
43:15 Conscription
43:08 Furor Celtica
42:55 Stronghold
44:40 Ballistics
45:21 Chemistry
44:28 Siege Engineers
46:43 Chain Barding Armor
46:36 Husbandry
46:02 Cavalier
48:05 Halberdier
49:04 Gold Mining
50:40 Elite Woad Raider
Connection lost

Rejoining the realm…

Still unreachable

The connection could not be restored.

Session expired

The server has moved on; the page needs a fresh start.